 Dungeon Crawl Stone Soup version 0.22-a0-412-g2b68d144a4 (webtiles) character file.

392 Kriby the Ruffian (level 6, 0/62 HPs)
             Began as a Troll Monk on May 12, 2018.
             Slain by an orc
             ... wielding a +0 war axe
              (10 damage)
             ... on level 3 of the Dungeon.
             The game lasted 00:01:59 (2087 turns).

Kriby the Ruffian (Troll Monk)                      Turns: 2087, Time: 00:01:59

Health: 0/62       AC:  5    Str: 22    XL:     6   Next: 51%
Magic:  5/5        EV: 11    Int:  6    God:
Gold:   174        SH:  0    Dex: 12    Spells: 5/5 levels left

rFire    . . .     SeeInvis .     - Unarmed
rCold    . . .     Gourm    +   (no shield)
rNeg     . . .     Faith    .   a - +0 robe
rPois    .         Spirit   .   (helmet restricted)
rElec    .         Reflect  .   (no cloak)
rCorr    .         Harm     .   (gloves unavailable)
MR       .....                  (boots unavailable)
Stlth    ++........             (no amulet)
HPRegen  0.60/turn              (no ring)
MPRegen  0.09/turn              (no ring)

@: no status effects
A: large, unfitting armour, claws 3, fast metabolism 3, gourmand, regeneration
1, shaggy fur 1, tough skin 2
a: no special abilities


You were on level 3 of the Dungeon.
You were completely stuffed.

You visited 1 branch of the dungeon, and saw 3 of its levels.

You collected 174 gold pieces.

Inventory:

Armour
 a - a +0 robe (worn)
Scrolls
 e - 4 scrolls of remove curse {unknown}
 g - 2 scrolls of fear {unknown}
 h - a scroll of magic mapping {unknown}
 i - a scroll of teleportation {unknown}
 k - a scroll of identify {unknown}
 m - a scroll of enchant weapon {unknown}
Potions
 c - a potion of berserk rage {unknown}
 d - a potion of haste
 f - a potion of invisibility {unknown}
 j - a potion of mutation {unknown}
 l - a potion of curing {unknown}
Comestibles
 b - 5 rations
 n - a chunk of flesh


   Skills:
 + Level 3.6 Fighting
 + Level 3.6 Dodging
 - Level 1.0 Stealth
 * Level 5.7 Unarmed Combat


You had 5 spell levels left.
You didn't know any spells.
Your spell library was empty.

Dungeon Overview and Level Annotations

Branches:
Dungeon (3/15)

Altars:
Ashenzari


Innate Abilities, Weirdness & Mutations

You are too large for most types of armour.
You have claws for hands.
Your metabolism is lightning-fast.
You like to eat raw meat.
Your natural rate of healing is unusually fast.
You are covered in fur. (AC +1)
You have very tough skin. (AC +2)


Message History

The orc is heavily wounded.
The orc closely misses you.
You barely miss the orc.
The orc is heavily wounded.
You closely miss the orc.
The orc is heavily wounded.
The orc barely misses you.
You scratch the orc.
The orc is almost dead.
The orc hits you but does no damage.
You barely miss the orc.
The orc is almost dead.
The orc hits you with a war axe!
* * * LOW HITPOINT WARNING * * *
You closely miss the orc.
The orc is almost dead.
You scratch the orc but do no damage.
The orc is almost dead.
The orc hits you with a war axe!
You die...

##########.#
#..# #.#
#..# #.##..#
# #.#..# .#
#...## ..#
###..## #..#
##..## #..#
#)#..###.(#
##.#.@#.o#
#.#.#o).#.#
######### #


You could see an orc.

Vanquished Creatures
  The ghost of htuhola the Conjurer, an amateur OpCj of Ashenzari (D:3)
  2 orc priests (D:3)
  Jessica (D:3)
  Terence (D:2)
  An orc wizard (D:2)
  Natasha (thrice) (D:2)
  2 adders (D:2)
  An ooze (D:1)
  A worm (D:2)
  6 dart slugs
  3 leopard geckos
  4 orcs
  A giant cockroach (D:3)
  7 goblins
  7 hobgoblins
  3 jackals
  A ball python (D:2)
  9 bats
  9 frilled lizards
  6 kobolds
  14 rats
83 creatures vanquished.

Notes
Turn   | Place    | Note
-------+----------+-------------------------------------------
     0 | D:1      | Kriby the Troll Monk began the quest for the Orb.
     0 | D:1      | Reached XP level 1. HP: 22/22 MP: 0/0
   188 | D:1      | Reached XP level 2. HP: 29/29 MP: 1/1
   415 | D:1      | Reached XP level 3. HP: 36/36 MP: 2/2
   831 | D:2      | Noticed Natasha
   841 | D:2      | Killed Natasha
   841 | D:2      | Reached skill level 4 in Unarmed Combat
   846 | D:2      | Reached XP level 4. HP: 14/44 MP: 3/3
  1132 | D:2      | Noticed Terence
  1140 | D:2      | Killed Terence
  1170 | D:2      | Noticed Natasha
  1177 | D:2      | Killed Natasha
  1270 | D:2      | Reached XP level 5. HP: 53/53 MP: 4/4
  1340 | D:2      | Noticed Natasha
  1350 | D:2      | Killed Natasha
  1387 | D:2      | Found a shattered altar of Ashenzari.
  1658 | D:3      | Noticed htuhola's ghost (amateur OpCj)
  1667 | D:3      | Killed htuhola's ghost
  1667 | D:3      | Reached skill level 5 in Unarmed Combat
  1668 | D:3      | Noticed Jessica
  1671 | D:2      | Reached XP level 6. HP: 34/61 MP: 5/5
  1979 | D:3      | Killed Jessica
  2087 | D:3      | Slain by an orc

Vault maps used:
D:1:      elethiomel_arrival_diamonds
D:2:      first_ration, kennysheep_crisscross, ashenzari_altar_1, uniq_terence,
          uniq_natasha
D:3:      minmay_diamond_boxcup, uniq_jessica

Skill      XL: |  1  2  3  4  5 |
---------------+----------------+-----
Unarmed Combat | 4 5 |  5.7
Fighting       | 3 |  3.6
Dodging        | 3 |  3.6
Stealth        | |  1.0

Action                   |  1- 3 |  4- 6 || total
-------------------------+-------+-------++-------
Melee: Unarmed           |    73 |   147 ||   220
       Punch             |       |     2 ||     2
 Stab: Sleeping          |     1 |     1 ||     2
  Eat: Chunk             |    13 |    12 ||    25
Armor: Robe              |    30 |    41 ||    71
Dodge: Dodged            |    38 |    76 ||   114

Table legend:
 A = Spawn XP
 B = Non-spawn XP
 C = Spawn XP percentage of total XP
 D = Spawn monster count
 E = Non-spawn monster count
 F = Spawn count percentage of total count
 G = Total turns spent on level
                    A         B        C        D         E        F      G
               +---------+---------+-------+---------+---------+-------+---------
         Total |       0 |     561 |   0.0 |       0 |      83 |   0.0 |  2087
               +---------+---------+-------+---------+---------+-------+---------
           D:1 |       0 |      57 |   0.0 |       0 |      30 |   0.0 |   831
           D:2 |       0 |     262 |   0.0 |       0 |      38 |   0.0 |  1001
           D:3 |       0 |     242 |   0.0 |       0 |      15 |   0.0 |   255
               +---------+---------+-------+---------+---------+-------+---------
